 Dungeon Crawl Stone Soup version 0.31.0-4-g52a2dc7128 (webtiles) character file.

Game seed: 13572083479626268772

56986 croobank the Black Sun (level 14, -12/77 HPs)
             Began as a Felid Summoner on Jan 21, 2024.
             Was a High Priest of Kikubaaqudgha.
             Mangled by an orc warrior
             ... wielding a +0 halberd
              (25 damage)
             ... while paralysed by an orc sorcerer
             ... on level 2 of the Orcish Mines on Jan 22, 2024.
             The game lasted 01:34:40 (25389 turns).

croobank the Black Sun (Felid Summoner)            Turns: 25389, Time: 01:34:41

Health: -12/77     AC:  3    Str:  4    XL:     14   Next: 44%
Magic:  4/38       EV:  4    Int: 22    God:    Kikubaaqudgha [*****.]
Gold:   1284       SH:  0    Dex: 19    Spells: 9/33 levels left
                                        Lives:  0   Deaths: 3

rFire   + . .        (weapon unavailable)
rCold   + . .        (shield unavailable)
rNeg    . . .        (body armour unavailable)
rPois   .            (helmet unavailable)
rElec   +            (cloak unavailable)
rCorr   .            (gloves unavailable)
SInv    +            (boots unavailable)
Will    +....        h - amulet of the acrobat
Stlth   +++++        v - ring of Eruv {rElec rF+ SInv}
HPRegen 0.32/turn    t - ring of magical power
MPRegen 0.26/turn

%: acrobat
@: paralysed, weak-willed, unable to call your familiar
A: very small, claws 1, fangs 3, see invisible, shaggy fur 3, stealthy paws, no
weapons or thrown items, no armour, multi-lived
a: Renounce Religion, Unearth Wretches, Torment


You were on level 2 of the Orcish Mines.
You worshipped Kikubaaqudgha.
Kikubaaqudgha was extremely pleased with you.
You visited 4 branches of the dungeon, and saw 19 of its levels.
You also visited: Gauntlet.

You collected 1567 gold pieces.
You spent 283 gold pieces at shops.

Inventory:

Jewellery
 f - a ring of resist corrosion
 h - an amulet of the acrobat (around neck)
 j - a ring of wizardry
 t - a ring of magical power (right paw)
 v - the ring of Eruv (left paw) {rElec rF+ SInv}
   (You acquired it on level 9 of the Dungeon)

   [ring of protection from fire]

   rF+:       It protects you from fire.
   rElec:     It insulates you from electricity.
   SInv:      It lets you see invisible.
 y - a ring of wizardry
 D - a +6 ring of intelligence
Wands
 b - a wand of flame (43)
 n - a wand of polymorph (6)
 z - a wand of iceblast (2)
Scrolls
 c - 3 scrolls of immolation
 d - a scroll of amnesia
 e - 2 scrolls of revelation
 o - a scroll of fog
 p - a scroll of acquirement
 u - 2 scrolls of fear
 C - a scroll of poison
Potions
 a - 3 potions of magic
 g - 3 potions of ambrosia
 i - 2 potions of brilliance
 k - 4 potions of mutation
 l - 5 potions of attraction
 m - 5 potions of curing
 r - 5 potions of lignification
 s - a potion of enlightenment
 x - a potion of resistance
 G - a potion of haste
Miscellaneous
 w - a tin of tremorstones (2/2)
 E - a phial of floods


   Skills:
 - Level 10.0 Fighting
 - Level 10.0 Dodging
 - Level 10.0 Stealth
 - Level 10.0 Spellcasting
 - Level 10.0 Summonings
 + Level 14.1 Necromancy
 - Level 5.0 Fire Magic
 - Level 7.0 Air Magic


You had 9 spell levels left.
You knew the following spells:

 Your Spells              Type           Power      Damage    Failure   Level
a - Summon Small Mammal   Summ           100%       N/A       1%          1
b - Call Imp              Summ           100%       N/A       1%          2
c - Call Canine Familiar  Summ           53%        N/A       1%          3
d - Summon Blazeheart Go  Fire/Summ      44%        N/A       2%          4
e - Summon Lightning Spi  Summ/Air       48%        N/A       1%          4
D - Death Channel         Necr           32%        N/A       2%          6
N - Anguish               Hex/Necr       21%        N/A       3%          4

Your spell library contained the following spells:

 Spells                   Type           Power      Damage    Failure   Level
 Kiss of Death            Conj/Necr      100%       2d13      1%          1
 Necrotise                Necr           100%       1d9       1%          1
 Cigotuvi's Dreadful Rot  Necr/Alch/Air  82%        N/A       1%          2
 Fugue of the Fallen      Necr           65%        N/A       1%          3
 Swiftness                Air            41%        N/A       1%          3
 Vampiric Draining        Necr           65%        2d10      1%          3
 Dispel Undead            Necr           65%        3d22      1%          4
 Martyr's Knell           Necr/Summ      59%        N/A       1%          4
 Apportation              Tloc           22%        N/A       6%          1
 Sting                    Conj/Alch      44%        1d5       6%          1
 Ensorcelled Hibernation  Hex/Ice        22%        N/A       9%          2
 Jinxbite                 Hex            22%        N/A       9%          2
 Gell's Gravitas          Tloc           11%        N/A       19%         3
 Ozocubu's Armour         Ice            11%        N/A       19%         3
 Passwall                 Erth           11%        N/A       19%         3
 Teleport Other           Tloc           11%        N/A       19%         3
 Ignite Poison            Fire/Alch      22%        N/A       22%         4
 Cause Fear               Hex            5%         N/A       52%         4
 Manifold Assault         Tloc           11%        N/A       52%         4
 Fireball                 Conj/Fire      11%        3d7       52%         5
 Freezing Cloud           Conj/Ice/Air   10%        6-21      54%         5
 Alistair's Intoxication  Alch           7%         N/A       86%         5
 Iskenderun's Battlesphe  Conj           11%        2d7       86%         5
 Bombard                  Conj/Erth      5%         9d2       100%        6
 Dispersal                Tloc           5%         N/A       100%        6
 Spellforged Servitor     Conj/Summ      16%        N/A       100%        7
 Dragon's Call            Summ           26%        N/A       100%        9


Dungeon Overview and Level Annotations

Branches:
Dungeon (11/15)            Temple (1/1) D:7            Lair (5/5) D:9
  Swamp (0/4) Lair:3        Snake (0/4) Lair:3        Slime (0/5) Lair:5
    Orc (2/2) D:10        Gauntlet (visited)
    Elf: Orc:2

Altars:
Ashenzari
Cheibriados
Dithmenos
Elyvilon
Fedhas
Gozag
Hepliaklqana
Kikubaaqudgha
Makhleb
Nemelex Xobeh
Okawaru
Qazlal
Ru
Sif Muna
Trog
Uskayaw
Vehumet
Wu Jian
Xom
Yredelemnul
Zin
The Shining One
Jiyva

Shops:
D:9 (   Orc:2 (*!

Annotations:
D:8 exclusion: downstairs
D:10 exclusion: downstairs
D:11 Snorg
Lair:2 1 runed translucent door, DeathSocks's ghost, journeyman MiHu


Innate Abilities, Weirdness & Mutations

You have sharp claws.
You have razor-sharp teeth.
You have supernaturally acute eyesight. (SInv)
Your thick and shaggy fur keeps you warm. (AC +3, rC+)
Your paws help you pounce on unaware monsters.
You are incapable of wielding weapons or throwing items.
You cannot wear armour.
You gain extra lives every three experience levels.


Message History

Press: ? - help, Dir - look around, f - activate The orc easily resists.
The orc warrior is haunted by guilt!
The orc wizard is haunted by guilt!
The orc priest is haunted by guilt!
The orc warrior is haunted by guilt!
The orc priest resists with almost no effort.
The orc is haunted by guilt!
The orc warrior is haunted by guilt!
The orc sorcerer is haunted by guilt!
The orc warrior is haunted by guilt!
The orc warrior easily resists.
The orc sorcerer gestures at you while chanting.
You resist with some effort.
The orc suddenly complains.
The orc warlord hits your blazeheart golem with a +2 war axe of electrocution!!
The orc warlord is wracked by anguish!!
The orc warlord dies!
Kikubaaqudgha accepts your kill.
Casting: Anguish (dangerous; 3% risk of failure)
Confirm with . or Enter, or press ? or * to list all spells.
Casting: Anguish (dangerous; 3% risk of failure)
Press: ? - help, Dir - look around, f - activate The orc is haunted by guilt!
The orc priest resists with some effort.
The orc warrior is haunted by guilt!
The orc warrior completely misses you.
The orc priest invokes the aid of Beogh against you.
Beogh smites you!
The orc priest is wracked by anguish!
Your blazeheart golem punches the orc warrior but does no damage.
Casting: Anguish (dangerous; 3% risk of failure)
Confirm with . or Enter, or press ? or * to list all spells.
Casting: Anguish (dangerous; 3% risk of failure)
Press: ? - help, Dir - look around, f - activate The orc priest resists with almost no effort.
The orc no longer looks unusually strong.
The orc priest looks braver for a moment.
The orc warrior hits you from afar with a +0 glaive!
* * * LOW HITPOINT WARNING * * *
The orc warrior is wracked by anguish!
The orc sorcerer gestures at you while chanting.
You suddenly lose the ability to move!
The orc warrior hits you from afar with a +0 halberd!!
You die...
Kikubaaqudgha rasps: "You have failed me!
Welcome... death!"

##.## ##..)....# ##.)
####### ##........# ##)
...# ###........#####.. #..
##.................
#.##.....#............
#.......##............
####.#)....####.........
#+##8.#.o..#.#.#...........
....)ooo89@.......#...#####
...))oo)o).....#.## .# #
.....ooo8oo#..####
#+##8.#..†††......
####.....#####.. #......#
#... #.#....# #...#
#.....#.# #....# # ......#
.# #.....#####


You could see an orc sorcerer (strong, anguished), 5 orc warriors, 2 orc
priests, an orc wizard (strong, invisible, anguished), 3 orcs and a friendly
blazeheart golem (summoned).

Vanquished Creatures
  Gastronok (Orc:1)
  5 hydras
  Harold (Lair:2)
  A boulder beetle (Lair:1)
  2 death yaks (Lair:5)
  A deep troll shaman (Lair:5)
  2 skysharks
  2 spriggan druids (Lair:3)
  Pikel (D:6)
  2 orc sorcerers (Orc:1)
  18 elephants
  A kobold blastminer (Orc:1)
  6 cane toads
  Joseph (D:7)
  Maggie (D:7)
  6 komodo dragons
  A rime drake (Lair:1)
  2 trolls
  A polar bear (Lair:5)
  2 hornets
  2 wyverns
  A wraith (D:7)
  19 yaks
  A steam dragon (D:7)
  A warg (Orc:2)
  Edmund (D:6)
  2 nagas (Lair:3)
  2 water moccasins
  A black bear (D:6)
  8 orc warriors
  9 ogres
  2 centaurs (D:10)
  7 wolves
  A lemure (D:6)
  A kobold brigand (D:8)
  A bullfrog (Lair:1)
  A wyvern zombie (D:8)
  2 wights (D:8)
  10 killer bees
  A howler monkey (D:5)
  2 hounds (D:7)
  A centaur zombie (D:8)
  A gnoll bouda (D:5)
  3 orc priests
  A human zombie (D:8)
  5 orc wizards
  3 hell rats (Lair:1)
  A killer bee zombie (D:8)
  A gnoll (D:6)
  2 adders (D:5)
  A river rat (Lair:2)
  An ufetubus (D:6)
  A ribbon worm (D:2)
  14 orcs
  3 ball pythons
  An endoplasm (D:4)
  2 giant cockroaches
  3 goblins
  3 hobgoblins
  9 kobolds
  A quokka (D:1)
  4 rats
193 creatures vanquished.

Vanquished Creatures (collateral kills)
  3 catoblepae (Lair:5)
  2 hydras (Lair:5)
  3 death yaks (Lair:5)
  A deep elf pyromancer (D:9)
  3 orc sorcerers
  A salamander (Lair:3)
  3 elephants
  A cane toad (Lair:2)
  3 rime drakes
  A komodo dragon (Lair:5)
  An unseen horror skeleton (D:8)
  A polar bear (Lair:5)
  2 trolls
  13 blink frogs
  6 dream sheep (Lair:2)
  A wraith (D:11)
  Sigmund (D:3)
  2 wyverns
  14 yaks
  A warg (Orc:2)
  A basilisk (D:9)
  A steam dragon (D:7)
  A naga (Lair:3)
  9 water moccasins
  11 orc warriors
  A hornet zombie (D:8)
  A black bear (Lair:5)
  5 ogres
  12 wolves
  5 centaurs
  4 bullfrogs
  3 kobold brigands
  A scorpion (D:5)
  2 gnoll sergeants
  A wight (D:8)
  A burial acolyte (D:8)
  7 killer bees
  2 nameless horrors
  2 bombardier beetles
  10 orc priests
  2 jellies
  A gnoll bouda (D:6)
  2 iguanas
  16 orc wizards
  6 hell rats
  A killer bee zombie (D:8)
  A howler monkey zombie (D:8)
  18 gnolls
  11 adders
  5 river rats (Lair:2)
  An ufetubus (D:6)
  A dart slug (D:2)
  48 orcs
  4 bats
  9 endoplasms
  4 goblins
  5 hobgoblins
  10 kobolds
  3 quokkas
  5 ball pythons
  3 frilled lizards
  A rat (Lair:2)
300 creatures vanquished.

Vanquished Creatures (others)
  An orc warlord (Orc:2)
  A lindwurm (Lair:5)
  3 orc knights (Orc:2)
  An orc sorcerer (Orc:2)
  A kobold blastminer (Orc:2)
  A cane toad (Lair:5)
  5 yaks
  2 wargs (Orc:2)
  4 orc warriors
  3 orc priests
  3 orc wizards (Orc:2)
  4 orcs
  108 blazeheart cores
137 creatures vanquished.

Grand Total: 630 creatures vanquished

Notes
Turn   | Place    | Note
-------+----------+-------------------------------------------
     0 | D:1      | croobank the Felid Summoner began the quest for the Orb.
     0 | D:1      | Reached XP level 1. HP: 9/9 MP: 4/4
   248 | D:1      | Reached XP level 2. HP: 13/13 MP: 3/6
   251 | D:1      | Learned a level 2 spell: Call Imp
   671 | D:1      | You fall into a shaft and drop 1 floor!
   725 | D:2      | Reached XP level 3. HP: 16/16 MP: 3/7
   736 | D:2      | Learned a level 3 spell: Call Canine Familiar
  2001 | D:3      | Noticed Sigmund
  2124 | D:3      | Reached skill level 1 in Fighting
  2124 | D:3      | Reached XP level 4. HP: 19/22 MP: 1/8
  2124 | D:3      | Gained a life (2 lives remaining)
  2500 | D:3      | Found a sparkling altar of Nemelex Xobeh.
  2617 | D:3      | Reached XP level 5. HP: 22/25 MP: 6/10
  2849 | D:3      | HP: 1/25 [orc priest/divine providence (9)]
  3352 | D:4      | Gained mutation: You are covered in thick fur. (AC +2)
                  | [Felid growth]
  3352 | D:4      | Reached XP level 6. HP: 30/30 MP: 11/11
  3489 | D:4      | Reached skill level 5 in Stealth
  3599 | D:4      | Found an ornate altar of the Wu Jian Council.
  3900 | D:5      | Entered Level 5 of the Dungeon
  3947 | D:5      | Noticed a troll
  3959 | D:5      | Noticed a +0 dagger
  3960 | D:5      | Noticed a +0 dagger
  3963 | D:5      | Found a hide-covered altar of Uskayaw.
  3996 | D:5      | Learned a level 4 spell: Summon Blazeheart Golem
  4270 | D:5      | Reached skill level 5 in Summonings
  4431 | D:5      | Noticed a water moccasin
  4479 | D:5      | Reached skill level 5 in Dodging
  4479 | D:5      | Reached skill level 1 in Fire Magic
  4479 | D:5      | Reached XP level 7. HP: 35/35 MP: 8/13
  4898 | D:5      | Killed a troll
  5314 | D:6      | Reached XP level 8. HP: 36/40 MP: 6/15
  5892 | D:6      | Noticed Edmund
  5907 | D:6      | Killed Edmund
  5966 | D:6      | Noticed Pikel
  5975 | D:6      | Killed Pikel
  6086 | D:6      | Reached XP level 9. HP: 29/45 MP: 4/17
  6091 | D:6      | Learned a level 4 spell: Summon Lightning Spire
  6653 | D:7      | Reached skill level 1 in Air Magic
  6735 | D:7      | Noticed Joseph
  6895 | D:7      | Found a burning altar of Makhleb.
  6951 | D:7      | Found a staircase to the Ecumenical Temple.
  6957 | Temple   | Entered the Ecumenical Temple
  7071 | D:7      | Noticed Maggie
  7089 | D:7      | Killed Maggie
  7090 | D:7      | Reached skill level 5 in Spellcasting
  7090 | D:7      | Reached skill level 5 in Fire Magic
  7115 | D:7      | Killed Joseph
  7324 | D:7      | Found a shimmering blue altar of Sif Muna.
  7577 | D:7      | Reached skill level 5 in Fighting
  8162 | D:3      | Killed Sigmund
  8758 | D:8      | Reached XP level 10. HP: 43/51 MP: 15/19
  9345 | D:8      | Found an ancient bone altar of Kikubaaqudgha.
  9349 | D:8      | Became a worshipper of Kikubaaqudgha
  9817 | D:9      | Found Tumiete's Weapon Shoppe.
  9957 | D:9      | Noticed a deep elf pyromancer
 10384 | D:9      | Killed a deep elf pyromancer
 10395 | D:9      | Reached skill level 5 in Air Magic
 10513 | D:9      | Identified the +3 battleaxe "Xuticis" {spect, Str+6 Dex-2
                  | Stlth+}
 10667 | D:9      | Found a staircase to the Lair.
 10760 | D:9      | Identified 2 scrolls of acquirement
 10760 | D:9      | Acquired the ring of Eruv {rElec rF+ SInv}
 11001 | D:10     | Entered Level 10 of the Dungeon
 11026 | D:10     | Reached * piety under Kikubaaqudgha
 11026 | D:10     | Received a gift from Kikubaaqudgha
 11432 | D:10     | Found a shadowy altar of Dithmenos.
 12316 | D:10     | Reached XP level 11. HP: 57/57 MP: 14/21
 12515 | D:10     | Found a glowing silver altar of Zin.
 12840 | D:10     | Found a staircase to the Orcish Mines.
 13017 | D:11     | Reached ** piety under Kikubaaqudgha
 13096 | D:11     | Noticed Snorg
 13135 | Lair:1   | Entered Level 1 of the Lair of Beasts
 13153 | Lair:1   | Noticed a boulder beetle
 13172 | Lair:1   | Killed a boulder beetle
 13173 | Lair:1   | Reached skill level 10 in Stealth
 14730 | Lair:2   | Reached skill level 10 in Dodging
 15073 | Lair:2   | Gained mutation: Your thick and shaggy fur keeps you warm.
                  | (AC +3, rC+) [Felid growth]
 15073 | Lair:2   | Reached XP level 12. HP: 65/65 MP: 14/24
 15186 | Lair:2   | Noticed Harold
 15231 | Lair:2   | Killed Harold
 15506 | Lair:2   | Found a runed translucent door.
 15553 | Lair:2   | Noticed DeathSocks's ghost (journeyman MiHu)
 16087 | Lair:3   | Found a gate leading to a gauntlet.
 16104 | Gauntlet | Entered a Gauntlet
 16104 | Gauntlet | Found a runed translucent door.
 16104 | Gauntlet | Found a transporter.
 16104 | Gauntlet | Found a runed translucent door.
 16104 | Gauntlet | Found a transporter.
 16114 | Gauntlet | Found a transporter.
 16117 | Gauntlet | Found a transporter.
 16120 | Gauntlet | Found a transporter.
 16135 | Gauntlet | Found a transporter.
 16173 | Gauntlet | Found a transporter.
 16190 | Gauntlet | Found a transporter.
 16193 | Gauntlet | Found a transporter.
 16193 | Gauntlet | Found a transporter.
 16266 | Gauntlet | Found a transporter.
 16268 | Gauntlet | Noticed a hell beast
 16268 | Gauntlet | Noticed a quicksilver ooze
 16277 | Gauntlet | Found a runed translucent gate.
 16277 | Gauntlet | Found a runed translucent gate.
 16277 | Gauntlet | Found a runed translucent gate.
 16280 | Gauntlet | Found a transporter.
 16297 | Gauntlet | Found a transporter.
 16306 | Gauntlet | Found a runed translucent door.
 16307 | Gauntlet | Found a transporter.
 16308 | Gauntlet | Found a runed translucent door.
 17095 | Lair:3   | Reached skill level 10 in Summonings
 17873 | Lair:3   | Found a staircase to the Snake Pit.
 18674 | Lair:3   | Found a staircase to the Swamp.
 19206 | Lair:3   | Reached skill level 10 in Fighting
 19356 | Lair:4   | Reached *** piety under Kikubaaqudgha
 19356 | Lair:4   | Received a gift from Kikubaaqudgha
 19487 | Lair:4   | Reached skill level 10 in Spellcasting
 19487 | Lair:4   | Reached skill level 1 in Necromancy
 19526 | Lair:4   | Reached skill level 2 in Necromancy
 19533 | Lair:4   | Reached skill level 3 in Necromancy
 19682 | Lair:4   | Reached skill level 4 in Necromancy
 19685 | Lair:4   | Reached XP level 13. HP: 72/72 MP: 18/28
 19837 | Lair:4   | Learned a level 4 spell: Anguish
 19859 | Lair:4   | Reached skill level 5 in Necromancy
 20113 | Lair:4   | Reached skill level 6 in Necromancy
 20630 | Lair:4   | Reached skill level 7 in Necromancy
 20830 | Lair:4   | Learned a level 6 spell: Death Channel
 20853 | Lair:5   | Entered Level 5 of the Lair of Beasts
 20858 | Lair:5   | Found a staircase to the Slime Pits.
 20859 | Lair:5   | Found a viscous altar of Jiyva.
 21030 | Lair:5   | Reached skill level 8 in Necromancy
 21388 | Lair:5   | Reached skill level 9 in Necromancy
 21393 | Lair:5   | Reached **** piety under Kikubaaqudgha
 21420 | Lair:5   | Reached skill level 10 in Necromancy
 22155 | Lair:5   | Reached skill level 11 in Necromancy
 22929 | Lair:5   | Mangled by a catoblepas
 22929 | Lair:5   | Lost a life (1 life remaining)
 23116 | Lair:5   | Reached XP level 14. HP: 77/77 MP: 29/29
 23116 | Lair:5   | Gained a life (2 lives remaining)
 23121 | Lair:5   | Reached skill level 12 in Necromancy
 23840 | Orc:1    | Entered Level 1 of the Orcish Mines
 23864 | Orc:1    | Noticed Gastronok
 23868 | Orc:1    | Slain by an ogre
 23868 | Orc:1    | Lost a life (1 life remaining)
 23925 | Orc:1    | Killed Gastronok
 24130 | Orc:1    | Reached skill level 13 in Necromancy
 24152 | Orc:1    | Reached ***** piety under Kikubaaqudgha
 24589 | Orc:2    | Entered Level 2 of the Orcish Mines
 24613 | Orc:2    | Found Zukem's Distillery.
 25003 | Orc:2    | Found Xani's Weapon Shop.
 25014 | Orc:2    | Found Levvyred's Assorted Antiques.
 25062 | Orc:2    | Bought a potion of degeneration for 13 gold pieces
 25062 | Orc:2    | Bought a potion of haste for 130 gold pieces
 25237 | Orc:2    | Slain by a warg
 25237 | Orc:2    | Lost a life (0 lives remaining)
 25254 | Orc:2    | Bought a scroll of fear for 140 gold pieces
 25358 | Orc:2    | Noticed an orc warlord
 25385 | Orc:2    | Reached skill level 14 in Necromancy
 25387 | Orc:2    | Killed an orc warlord
 25389 | Orc:2    | Paralysed by an orc sorcerer for 4 turns
 25389 | Orc:2    | Mangled by an orc warrior

Illustrated notes

Levels and vault maps discovered:
D:1:      tekkud_arrival_beachfront_property, layout_rooms, minmay_quantized
D:2:      layout_basic, minmay_misc_feat_doors
D:3:      layout_rooms, nemelex_diamond_rough_becter, minmay_statues_item,
          kennysheep_orc_chapel, uniq_sigmund
D:4:      layout_basic, nzn_wu_jian_contemplation, nicolae_half_adder
D:5:      layout_loops_ring, dancing_weapons_uskayaw
D:6:      layout_cave_pods, uniq_edmund, uniq_pikel
D:7:      layout_cave_pods, mainiacjoe_overflow_surrounded_room,
          lightli_temple_of_fire, minmay_temple_entry_statues_pillars,
          minivault_25, hangedman_abyss_or_decor_stabs,
          kennysheep_generic_room_15, uniq_joseph, uniq_maggie
D:8:      layout_basic, lemuel_mausoleum_altar_kikubaaqudgha,
          minmay_misc_feat_diagonals, hangedman_decor_clover_reticule
D:9:      layout_cave_pools, dpeg_oklobed_lair, serial_shops,
          nicolae_shop_just_a_little_nook
D:10:     layout_basic, lemuel_coloured_pillars_altar,
          nicolae_dithmenos_through_a_glass_darkly, david_orc_4,
          grunt_ministairs_13
D:11:     layout_irregular_city, uniq_snorg, uniq_erolcha
Temple:   nicolae_temple_great_sept
Lair:1:   layout_layer_cave, st_stairs_11, lemuel_fruit_fields
Lair:2:   layout_gridlike, ebering_ghost_inner_flame, kennysheep_rathole,
          uniq_harold
Lair:3:   layout_cave_pods, mainiacjoe_swamp_entry_angry_trees,
          alex1729_snake_entry_snake, gauntlet_entry_generic,
          eino_small_chamber_without_monster
Lair:4:   layout_loops_ring, columned_hall_lemuel, lemuel_fruit_tree
Lair:5:   grunt_lair_end_beastmaster, layout_loops_ring, slime_entry_1
Orc:1:    layout_diamond_mine, mines1_david, uniq_gastronok
Orc:2:    grunt_orc_community_town_hall, layout_diamond_mine,
          grunt_orc_community_big_house_1, grunt_orc_community_big_house_1,
          grunt_orc_community_house_1, grunt_orc_community_house_3,
          grunt_orc_community_house_3, grunt_orc_community_house_1, basic_altar,
          serial_shops, nicolae_shop_bloodbath_and_beyond,
          nicolae_shop_behind_doors, nicolae_shop_hallway_stairs

Skill      XL: |  1  2  3  4  5  6  7  8  9 10 11 12 13 14 |
---------------+-------------------------------------------+-----
Stealth        | 3 4 5 6 7 8 9 10 | 10.0
Dodging        | 3 4 5 6 7 9 10 | 10.0
Fighting       | 1 2 3 4 5 6 8 10 | 10.0
Spellcasting   | 3 4 5 6 7 10 | 10.0
Summonings     | 5 6 7 9 10 | 10.0
Fire Magic     | 1 2 4 5 |  5.0
Air Magic      | 3 5 7 |  7.0
Necromancy     | 4 11 14 | 14.1

Action                     |  1- 3 |  4- 6 |  7- 9 | 10-12 | 13-15 || total
---------------------------+-------+-------+-------+-------+-------++-------
  Melee: Unarmed           |    54 |    19 |    22 |   124 |   135 ||   354
         Bite              |     7 |     1 |     3 |    31 |    28 ||    70
         Punch             |       |     1 |       |     1 |     4 ||     6
   Cast: Summon Small Mamm |    40 |    25 |    12 |    16 |    11 ||   104
         Call Imp          |    17 |    16 |     9 |    16 |     9 ||    67
         Call Canine Famil |     4 |    13 |     7 |    22 |    14 ||    60
         Summon Blazeheart |       |     1 |    27 |    85 |    57 ||   170
         Summon Lightning  |       |       |     4 |    36 |    44 ||    84
         Anguish           |       |       |       |       |    39 ||    39
         Death Channel     |       |       |       |       |    11 ||    11
 Invoke: Unearth Wretches  |       |       |       |       |     1 ||     1
  Evoke: Wand              |       |       |       |     5 |     5 ||    10
    Use: Scroll            |       |     5 |     3 |    18 |     5 ||    31
         Potion            |       |     1 |     2 |     2 |     4 ||     9
   Stab: Sleeping          |     8 |     5 |       |     1 |     1 ||    15
         Distracted        |     1 |       |       |     1 |     4 ||     6
         Paralysed         |       |       |       |       |     2 ||     2
 Armour: Skin              |    15 |     9 |    24 |    94 |   106 ||   248
  Dodge: Dodged            |    53 |    26 |    73 |   456 |   298 ||   906
